 Dungeon Crawl Stone Soup version 0.29-a0-1023-g6ae1a4a2c7 (webtiles) character file.

Game seed: 11640716040020124174

310268 ragingrage the Executioner (level 20, -29/193 HPs)
             Began as a Minotaur Delver on Aug 11, 2022.
             Was the Champion of Okawaru.
             Annihilated by a vampire knight
             ... wielding the +8 halberd "Tyqu" {vorpal, *Noise rF+++ Int-5 SInv}
              (32 damage)
             ... on level 3 of the Depths.
             The game lasted 01:18:10 (50361 turns).

ragingrage the Executioner (Minotaur Delver)       Turns: 50361, Time: 01:18:10

Health: -29/193    AC: 42    Str: 25      XL:     20   Next: 39%
Magic:  0/24       EV: 12    Int: 15 (16) God:    Okawaru [******]
Gold:   2470       SH:  8    Dex: 13      Spells: 19/19 levels left

rFire   + . .      SeeInvis .   a - +7 executioner's axe (vamp)
rCold   + . .      Faith    .   (shield currently unavailable)
rNeg    . . .      Spirit   +   n - +2 gold dragon scales of Sloth {rPois rF+ rC+ Int+5}
rPois   +          Reflect  .   Z - +0 hat of Anaesthesia {rElec rCorr Stlth-}
rElec   +          Harm     .   A - scarf {repulsion}
rCorr   +          Rampage  .   q - +3 pair of gloves of the Gastropod {Drain Regen+ Int+4}
Will    +....                   N - +2 pair of boots {Stlth+}
Stlth   ..........              x - brooch of Shielding {Spirit SH+8}
HPRegen 1.22/turn               H - +4 ring of slaying
MPRegen 0.19/turn               f - +4 ring of protection

@: about to teleport, heroic, finesse-ful, studying Axes, repel missiles
A: horns 2, retaliatory headbutt, iridescent scales 1, subdued magic 1
}: 2/15 runes: barnacled, gossamer
a: Renounce Religion, Heroism, Finesse, Duel


You were on level 3 of the Depths.
You worshipped Okawaru.
Okawaru was exalted by your worship.
You visited 8 branches of the dungeon, and saw 37 of its levels.
You visited the Abyss 1 time.

You collected 4128 gold pieces.
You spent 1658 gold pieces at shops.

Inventory:

Hand Weapons
 a - a +7 vampiric executioner's axe (weapon)
 b - the +8 triple crossbow "Demonslayer" {elec, +Blink rPois}
   (Okawaru gifted it to you on level 4 of the Shoals)

   Any ammunition fired from it occasionally discharges a powerful burst of
   electricity upon striking a foe.
   rPois:     It protects you from poison.
   +Blink:    It lets you blink.
 K - the +9 war axe "Qyronoma" {holy, Str+6}
   (Okawaru gifted it to you on level 9 of the Dungeon)

   It has been blessed by the Shining One to cause great damage to the undead
   and demons.
   Str:       It affects your strength (+6).
 P - a +4 battleaxe of flaming
Missiles
 o - 41 poisoned darts
 p - 25 javelins (quivered)
 r - 9 silver javelins
 s - 12 boomerangs of dispersal
 u - 5 throwing nets
 I - 53 boomerangs
 U - 2 curare-tipped darts
Armour
 n - the +2 gold dragon scales of Sloth (worn) {rPois rF+ rC+ Int+5}
   (Okawaru gifted it to you on level 4 of the Spider Nest)

   Int:       It affects your intelligence (+5).
   rF:        It protects you from fire.
   rC:        It protects you from cold.
   rPois:     It protects you from poison.
 q - the +3 pair of gloves of the Gastropod (worn) {Drain Regen+ Int+4}
   (Okawaru gifted it to you on level 3 of the Elven Halls)

   Int:       It affects your intelligence (+4).
   Regen:     It increases your rate of health regeneration.
   Drain:     It drains your maximum health when unequipped.
 A - a scarf of repulsion (worn)
 N - a +2 pair of boots of stealth (worn)
 W - the +1 cloak of the Onion {rPois rF+ Int+6 Stlth+}
   (Okawaru gifted it to you on level 10 of the Dungeon)

   Int:       It affects your intelligence (+6).
   rF:        It protects you from fire.
   rPois:     It protects you from poison.
   Stlth:     It makes you more stealthy.
 Z - the +0 hat of Anaesthesia (worn) {rElec rCorr Stlth-}
   (You found it on level 4 of the Spider Nest)

   rElec:     It insulates you from electricity.
   rCorr:     It protects you from acid and corrosion.
   Stlth:     It makes you less stealthy.
Jewellery
 f - a +4 ring of protection (right hand)
 x - the brooch of Shielding (around neck) {Spirit SH+8}
   (You took it off a deep elf sorcerer on level 3 of the Elven Halls)

   [amulet of guardian spirit]

   It causes incoming damage to be divided between your reserves of health and
   magic.
   SH:        It affects your SH (+8).
 H - a +4 ring of slaying (left hand)
Wands
 g - a wand of digging (23)
 i - a wand of polymorph (14)
 E - a wand of flame (50)
 J - a wand of acid (26)
 S - a wand of iceblast (13)
Scrolls
 c - 5 scrolls of fog
 d - 6 scrolls of magic mapping
 e - 4 scrolls of fear
 h - 8 scrolls of vulnerability
 j - 5 scrolls of poison
 y - 12 scrolls of teleportation
 O - 3 scrolls of blinking
 Q - 2 scrolls of silence
 T - 3 scrolls of brand weapon
 Y - 6 scrolls of enchant armour
Potions
 l - 6 potions of lignification
 m - 5 potions of mutation
 t - a potion of heal wounds
 v - 11 potions of curing
 w - 5 potions of invisibility
 z - 3 potions of attraction
 B - 6 potions of flight
 C - 10 potions of haste
 F - 4 potions of berserk rage
 G - 2 potions of cancellation
 L - 4 potions of ambrosia
 M - 3 potions of resistance
 R - 3 potions of might
 X - a potion of magic
Miscellaneous
 k - a tin of tremorstones (1/2)
 D - a condenser vane (inert)
 V - a lightning rod (4/4)


   Skills:
 - Level 20.0(25.0) Fighting
 + Level 25.1(27) Axes
 + Level 16.6(21.6) Ranged Weapons
 - Level 6.1(11.1) Throwing
 + Level 19.3(24.3) Armour
 - Level 10.0(15.0) Dodging
 - Level 4.1(9.1) Stealth
 - Level 7.0 Invocations
 - Level 9.0 Evocations


You had 19 spell levels left.
You didn't know any spells.
Your spell library contained the following spells:

 Spells                   Type           Power      Damage    Failure   Level
 Beastly Appendage        Tmut           0%         N/A       92%         1
 Magic Dart               Conj           0%         1d3       92%         1
 Sandblast                Erth           0%         2d4       92%         1
 Passwall                 Tmut/Erth      0%         N/A       98%         2
 Scorch                   Fire           0%         2d5       98%         2
 Searing Ray              Conj           0%         2d4       98%         2
 Static Discharge         Conj/Air       0%         3-3/arc   98%         2
 Sublimation of Blood     Necr           0%         N/A       98%         2
 Wereblood                Tmut           0%         N/A       98%         2
 Frozen Ramparts          Ice            0%         1d1       100%        3
 Gell's Gravitas          Tloc           0%         N/A       100%        3
 Ignite Poison            Fire/Tmut/Pois 0%         N/A       100%        3
 Lesser Beckoning         Tloc           0%         N/A       100%        3
 Mephitic Cloud           Conj/Pois/Air  0%         N/A       100%        3
 Spider Form              Tmut/Pois      0%         N/A       100%        3
 Stone Arrow              Conj/Erth      0%         3d7       100%        3
 Teleport Other           Tloc           0%         N/A       100%        3
 Airstrike                Air            0%         2d(0-16)  100%        4
 Dispel Undead            Necr           0%         3d6       100%        4
 Flame Wave               Conj/Fire      0%         2d4       100%        4
 Fulminant Prism          Conj/Hex       0%         3d6       100%        4
 Ice Form                 Ice/Tmut       0%         N/A       100%        4
 Iskenderun's Mystic Bla  Conj/Tloc      0%         2d3       100%        4
 Olgreb's Toxic Radiance  Pois           0%         N/A       100%        4
 Petrify                  Tmut/Erth      0%         N/A       100%        4
 Sticky Flame             Conj/Fire      0%         2d3       100%        4
 Borgnjor's Vile Clutch   Necr/Erth      0%         N/A       100%        5
 Fireball                 Conj/Fire      0%         3d3       100%        5
 Freezing Cloud           Conj/Ice/Air   0%         6-21      100%        5
 Iskenderun's Battlesphe  Conj           0%         2d6       100%        5
 Lee's Rapid Deconstruct  Erth           0%         3d5*      100%        5
 Lightning Bolt           Conj/Air       0%         1d11      100%        5
 Metabolic Englaciation   Hex/Ice        0%         N/A       100%        5
 Conjure Ball Lightning   Conj/Air       0%         3x3d6     100%        6
 Eringya's Noxious Bog    Tmut/Pois      0%         N/A       100%        6
 Iron Shot                Conj/Erth      0%         9d1       100%        6
 Statue Form              Tmut/Erth      0%         N/A       100%        6
 Orb of Destruction       Conj           0%         9d5       100%        7
 Ozocubu's Refrigeration  Ice            0%         4d7       100%        7
 Ignition                 Fire           0%         3d3       100%        8
 Maxwell's Capacitive Co  Air            0%         ∞         100%        8
 Shatter                  Erth           0%         3d5*      100%        9
 Animate Armour           Summ/Erth      Unusable   N/A       N/A         4
 Summon Ice Beast         Ice/Summ       Unusable   N/A       N/A         4
 Summon Lightning Spire   Summ/Air       Unusable   N/A       N/A         4
 Summon Mana Viper        Hex/Summ       Unusable   N/A       N/A         5
 Summon Cactus Giant      Summ           Unusable   N/A       N/A         6
 Summon Hydra             Summ           Unusable   N/A       N/A         7

Dungeon Overview and Level Annotations

Branches:
Dungeon (15/15)            Temple (1/1) D:5            Lair (5/5) D:8
 Shoals (4/4) Lair:2       Spider (4/4) Lair:3        Slime (0/5) Lair:5
    Orc (2/2) D:11            Elf (3/3) Orc:2        Vaults (0/5) D:13
 Depths (2/4) D:15

Altars:
Ashenzari
Cheibriados
Dithmenos
Elyvilon
Gozag
Hepliaklqana
Kikubaaqudgha
Makhleb
Nemelex Xobeh
Okawaru
Qazlal
Ru
Sif Muna
Uskayaw
Vehumet
Xom
Yredelemnul
Zin
Jiyva

Shops:
D:6 (:((**   Orc:1 *   Orc:2 *[:(   Elf:1 =:=   Elf:3 *   Shoals:3 [

Portals:
Hell: Depths:1

Annotations:
D:4 1 runed translucent door, Crazy Yiuf
D:5 2 runed translucent doors, Gibbon's ghost, amateur GnWn
D:6 exclusion: downstairs
D:14 1 runed translucent door, Agnes; Stellion's ghost, adept HOFi
Lair:3 1 runed translucent door, frimble's ghost, journeyman DsEE
Elf:2 3 runed doors


Innate Abilities, Weirdness & Mutations

You have a pair of horns on your head.
You reflexively headbutt those who attack you in melee.
You are partially covered in iridescent scales. (AC +2)
Your spells are a little easier to cast, but a little less powerful.


Message History

An arrow appears from out of thin air!
The arrow hits you!!
* * * LOW HITPOINT WARNING * * *
Something conjures a glowing orb.
The wavering orb of destruction weakly hits you!
* * * LOW HITPOINT WARNING * * *
You feel your intelligence returning.
Unknown command.
Unknown command.
Unknown command.
Unknown command.
Unknown command.
Unknown command.
Unknown command.
Unknown command.
Unknown command.
Unknown command.
Unknown command.
As you read the scroll of fear, it crumbles to dust.
You assume a fearsome visage.
The juggernaut easily resists.
The vampire knight is unaffected.
The rakshasa resists with almost no effort.
The fire giant looks frightened!
You hear a twanging sound.
An arrow appears from out of thin air!
The arrow hits you but does no damage. You block the rakshasa's attack.
The fire giant is engulfed in negative energy.
You block the vampire knight's attack.
A rakshasa comes into view. It is wielding a +0 whip.
Something touches you but does no damage.
Unknown command.
Unknown command.
Unknown command.
As you read the scroll of teleportation, it crumbles to dust.
You feel strangely unstable.
You hear some strange, mumbled words.
A bolt of cold appears from out of thin air!
The bolt of cold hits you! You resist.
* * * LOW HITPOINT WARNING * * *
The vampire knight hits you from afar with the +8 halberd "Tyqu" {vorpal, *Noise rF+++ Int-5 SInv}!!
You die...

*****,*,,*##***,,,..,,,*,,**
*,,,..,,,,,.,,,,,...,,,,,,,,
*,**#.#*###.###*#.#****,***,
*,*,,...#..#..#...,,*,,**,*,
*,*,*,#.#....†#.###,*,,*,**,
*,,**,*#.#§$.#.....,,**,**,,
*,*,*,*,#§§))†#,******,*,,*,
*,*,,,,,#§{#).#,,,,,*,**,,*,
*,***,**###@###**,*****,***,
*,***,* #§§{C§#,,,,,* **,**, *
**,*,,,**#R§V§§#,,,,,***,*,*, *
**,,,,*,*..§§§§§§p,,,,,*,***,, *
*,,,***,.(#(.§§§#§§,,,*,** **, *
*,*,* #.###)([..#☼C§.,**,** *, *
*,*,**#,**###.###*#R#****,***, *
*,*,*,,,,,*,...,*,,§§,*,,,,,*,
****,*,*,,,*,*,,,,,*,***,**,**,*,


You could see a juggernaut (drained), a fire giant (fleeing, drained), a vampire
knight, 2 rakshasas and a hell knight (drained).

Vanquished Creatures
  Bai Suzhen (Shoals:3)
  Saint Roka (Orc:2)
  A caustic shrike (Depths:3)
  Jorgrun (Spider:2)
  Rupert (D:14)
  A walking crystal tome (Depths:3)
  A lich (Depths:3)
  A titan (Shoals:4)
  2 hellephants (Elf:2)
  2 deep elf master archers (Elf:3)
  A walking divine tome (Depths:3)
  2 deep elf blademasters (Elf:3)
  3 sphinxes
  A kraken (Shoals:2)
  Donald (Spider:4)
  Roxanne (D:14)
  2 tengu reavers (Depths:3)
  2 frost giants (Depths:3)
  Ilsuiw (Shoals:2)
  An iron dragon (Depths:3)
  2 emperor scorpions (Spider:4)
  6 deep elf sorcerers
  Louise (Shoals:1)
  5 deep elf elementalists (Elf:3)
  3 ghost moths
  8 broodmothers
  A spriggan defender (Depths:3)
  A vampire knight (Depths:1)
  11 very ugly things
  2 stone giants (Depths:1)
  7 deep elf demonologists (Elf:3)
  6 deep elf annihilators (Elf:3)
  9 entropy weavers
  Azrael (Elf:2)
  A bunyip (shapeshifter) (D:15)
  Snorg (Lair:4)
  2 spark wasps (Depths:3)
  7 deep elf death magi
  An ettin (Depths:1)
  A fire dragon (shapeshifter) (Elf:2)
  5 merfolk javelineers
  5 fire dragons
  Josephine (Lair:4)
  11 merfolk impalers
  A rakshasa (D:13)
  2 ice dragons
  7 boulder beetles
  Fannar (D:10)
  4 vault guards (D:13)
  An ice dragon (shapeshifter) (Elf:2)
  A merfolk avatar (Shoals:3)
  3 jorogumos
  2 alligator snapping turtles
  15 hydras
  3 radroaches
  A jorogumo (shapeshifter) (Elf:2)
  6 two-headed ogres
  Erica (D:10)
  12 merfolk aquamancers
  2 satyrs (Shoals:4)
  An alligator (shapeshifter) (Elf:2)
  7 centaur warriors
  8 death yaks
  15 dancing weapons
  2 deep troll earth magi (Depths:1)
  A deep troll shaman (Depths:1)
  A vampire mage (Depths:1)
  4 tengu warriors
  2 spriggan berserkers
  Urug (Orc:2)
  4 orc high priests
  Nergalle (Orc:2)
  A shock serpent (shapeshifter) (Elf:2)
  7 deep elf knights
  Amaemon (D:10)
  3 pharaoh ants
  18 sea snakes
  A fire crab (Lair:5)
  3 glowing orange brains
  A sun moth (Spider:2)
  An iron troll (Depths:1)
  Lodul (D:10)
  2 flayed ghosts
  6 deep trolls (Depths:1)
  13 orb spiders
  A wizard (D:15)
  12 harpies
  9 steelbarb worms
  17 deep elf archers
  35 deep elf pyromancers
  A necromancer (D:15)
  5 ugly things
  6 cyclopes
  32 deep elf zephyrmancers
  A salamander (D:15)
  3 orc knights (Orc:2)
  5 orc sorcerers
  17 wolf spiders
  11 fauns
  A moth of wrath (Spider:2)
  A cyclops (shapeshifter) (Elf:2)
  10 elephants
  A salamander (shapeshifter) (D:13)
  21 manticores
  An apocalypse crab (Elf:2)
  11 merfolk sirens
  5 black mambas (Lair:5)
  2 molten gargoyles (Lair:5)
  9 water nymphs
  11 cane toads
  An orange demon (D:10)
  A kobold demonologist (D:12)
  3 rime drakes
  12 komodo dragons
  4 yaktaurs (D:15)
  6 torpor snails
  2 demonic crawlers (Spider:4)
  A yaktaur (shapeshifter) (Elf:2)
  5 polar bears
  29 merfolk
  A tyrant leech (Shoals:4)
  3 meliai (Spider:3)
  3 trolls
  7 slime creatures (D:13)
  A tarantella (shapeshifter) (Elf:2)
  22 tarantellas
  13 wind drakes
  12 snapping turtles
  10 dream sheep
  19 blink frogs
  18 jumping spiders
  A slime creature (shapeshifter) (Elf:2)
  15 culicivoras
  3 vampires
  Sigmund (D:5)
  13 wyverns
  7 air elementals
  16 water elementals
  5 wraiths
  4 fire elementals
  58 yaks
  A basilisk (shapeshifter) (Elf:3)
  Grum (D:9)
  5 steam dragons
  7 basilisks
  56 redbacks
  8 vampire mosquitoes
  Edmund (D:5)
  A swamp worm (shapeshifter) (Elf:2)
  7 wargs
  10 hell hounds
  19 water moccasins
  A sky beast (D:7)
  20 orc warriors
  A black bear (D:5)
  15 ogres
  A boggart (shapeshifter) (D:15)
  11 wolves
  3 centaurs
  2 phantoms
  5 kobold brigands
  11 bullfrogs
  2 necrophages
  3 earth elementals
  3 gnoll sergeants
  8 scorpions
  15 wights
  5 killer bees (D:8)
  An electric eel (Lair:2)
  4 lava snakes (Lair:5)
  15 orc priests
  2 jellies (D:6)
  A gnoll bouda (D:10)
  8 hounds
  Jessica (D:3)
  Ijyb (D:3)
  25 orc wizards
  7 hell rats (Lair:5)
  21 gnolls
  7 adders
  A shadow imp (D:7)
  2 white imps
  4 worms
  6 dart slugs
  57 orcs
  6 ball pythons
  6 bats
  7 endoplasms
  2 giant cockroaches
  7 goblins
  5 hobgoblins
  6 jackals
  2 quokkas (D:2)
  3 frilled lizards
  16 kobolds
  9 rats
  2 tentacles (Shoals:2)
1272 creatures vanquished.

Vanquished Creatures (others)
  A deep elf zephyrmancer (Elf:3)
  2 deep elf pyromancers
  A wind drake (Shoals:3)
  4 bushes (D:8)
  39 fungi
  187 plants
  12 tentacles (Shoals:2)
  2 withered plants (Lair:3)
248 creatures vanquished.

Grand Total: 1520 creatures vanquished

Notes
Turn   | Place    | Note
-------+----------+-------------------------------------------
     0 | D:5      | ragingrage the Minotaur Delver began the quest for the Orb.
     0 | D:5      | Reached XP level 1. HP: 19/19 MP: 0/0
     0 | D:5      | Noticed an orc wizard
     3 | D:5      | Killed an orc wizard
     4 | D:5      | Reached skill level 4 in Axes
     4 | D:5      | Reached XP level 2. HP: 25/26 MP: 1/1
    30 | D:5      | Found a staircase to the Ecumenical Temple.
    39 | Temple   | Entered the Ecumenical Temple
   129 | Temple   | Became a worshipper of Warmaster Okawaru
   223 | D:4      | Noticed a phantom
   298 | D:2      | Reached XP level 3. HP: 28/31 MP: 2/2
   705 | D:2      | Found a broken altar of Ashenzari.
   710 | D:2      | Reached skill level 5 in Axes
  1130 | D:2      | Identified the +2 chain mail of Hadjma {Int+2}
  1284 | D:1      | Reached XP level 4. HP: 39/39 MP: 3/3
  2180 | D:2      | Reached skill level 6 in Axes
  2447 | D:2      | Reached XP level 5. HP: 45/45 MP: 4/4
  2934 | D:3      | Noticed Ijyb
  3044 | D:3      | Killed Ijyb
  3173 | D:3      | Got Cociacedgh's Anthology of Shaping and Pestilence
  3281 | D:3      | Found a basalt altar of Yredelemnul.
  3291 | D:3      | Noticed Jessica
  3301 | D:3      | Killed Jessica
  3302 | D:3      | Reached skill level 7 in Axes
  3489 | D:3      | Found a sparkling altar of Nemelex Xobeh.
  3489 | D:3      | Found a shimmering altar of Xom.
  3489 | D:3      | Found a shadowy altar of Dithmenos.
  4150 | D:4      | Reached XP level 6. HP: 48/51 MP: 5/5
  4158 | D:4      | Reached * piety under Okawaru
  4159 | D:4      | Reached skill level 8 in Axes
  4313 | D:4      | Found a runed translucent door.
  4314 | D:4      | Noticed Crazy Yiuf
  4607 | D:5      | Found a runed translucent door.
  4609 | D:5      | Noticed Gibbon's ghost (amateur GnWn)
  4741 | D:5      | Found a runed translucent door.
  5021 | D:5      | Reached skill level 9 in Axes
  5021 | D:5      | Reached XP level 7. HP: 54/57 MP: 6/6
  5355 | D:5      | Noticed Edmund
  5380 | D:5      | Killed Edmund
  5575 | D:5      | Noticed Sigmund
  5592 | D:5      | Killed Sigmund
  5592 | D:5      | Reached ** piety under Okawaru
  5593 | D:5      | Reached skill level 10 in Axes
  6254 | D:6      | Gained mutation: Your spells are a little easier to cast,
                  | but a little less powerful. [potion of mutation]
  6254 | D:6      | Gained mutation: You are partially covered in iridescent
                  | scales. (AC +2) [potion of mutation]
  6269 | D:6      | Reached skill level 11 in Axes
  6288 | D:6      | Reached XP level 8. HP: 11/59 MP: 7/7
  6791 | D:6      | Reached skill level 12 in Axes
  7143 | D:6      | Found Cipt's General Store.
  7157 | D:6      | Found Wiax's Antique Weapon Shop.
  7215 | D:6      | Found Rayrumoa's General Store.
  7222 | D:6      | Bought a potion of heal wounds for 70 gold pieces
  7296 | D:6      | Found Heudioti's Weapon Shop.
  7311 | D:6      | Reached skill level 13 in Axes
  7461 | D:6      | Found Qaseip's Weapon Boutique.
  7633 | D:6      | Found Doomm's Book Shop.
  7709 | D:6      | Reached *** piety under Okawaru
  7997 | D:7      | Reached skill level 14 in Axes
  7997 | D:7      | Reached XP level 9. HP: 33/71 MP: 8/8
  8216 | D:7      | Reached skill level 1 in Armour
  8243 | D:7      | Reached skill level 1 in Invocations
  9452 | D:8      | Reached skill level 5 in Fighting
 10006 | D:8      | Reached **** piety under Okawaru
 10093 | D:8      | Reached XP level 10. HP: 77/83 MP: 10/12
 10135 | D:8      | Reached skill level 5 in Armour
 10537 | D:8      | Reached skill level 15 in Axes
 10571 | D:8      | Reached ***** piety under Okawaru
 10682 | D:8      | Received a gift from Okawaru
 10969 | D:8      | Found a staircase to the Lair.
 11157 | D:8      | Found a shimmering blue altar of Sif Muna.
 11160 | D:8      | Found a glowing silver altar of Zin.
 11164 | D:8      | Found a white marble altar of Elyvilon.
 11372 | D:9      | Noticed a two-headed ogre
 11644 | D:8      | Killed a two-headed ogre
 11935 | D:9      | Noticed a two-headed ogre
 12090 | D:9      | Killed a two-headed ogre
 12091 | D:9      | Reached XP level 11. HP: 92/95 MP: 10/13
 12094 | D:9      | Reached skill level 16 in Axes
 12215 | D:10     | Entered Level 10 of the Dungeon
 12853 | D:9      | Reached skill level 10 in Fighting
 13116 | D:9      | Noticed Grum
 13122 | D:9      | Killed Grum
 13122 | D:9      | Reached ****** piety under Okawaru
 13122 | D:9      | Identified the +9 war axe "Qyronoma" {holy, Str+6} (Okawaru
                  | gifted it to you on level 9 of the Dungeon)
 13122 | D:9      | Received a gift from Okawaru
 13287 | D:10     | Noticed a two-headed ogre
 13299 | D:10     | Killed a two-headed ogre
 13300 | D:10     | Reached skill level 17 in Axes
 13353 | Lair:1   | Entered Level 1 of the Lair of Beasts
 14431 | Lair:2   | Noticed a boulder beetle
 14443 | Lair:1   | Killed a boulder beetle
 14725 | Lair:2   | Noticed a six-headed hydra
 14816 | Lair:1   | Reached skill level 18 in Axes
 15127 | Lair:1   | Killed a six-headed hydra
 15676 | Lair:2   | Reached skill level 19 in Axes
 15676 | Lair:2   | Reached XP level 12. HP: 57/106 MP: 14/14
 15867 | Lair:2   | Received a gift from Okawaru
 16372 | Lair:2   | Identified the +5 ring mail of Boshatod {Will+}
 16611 | Lair:2   | Reached skill level 20 in Axes
 16825 | Lair:2   | Found a staircase to the Shoals.
 16837 | Lair:2   | Reached skill level 1 in Throwing
 16860 | Lair:2   | Reached skill level 1 in Evocations
 16860 | Lair:2   | HP: 3/106 [merfolk/+0 trident (8)]
 17285 | Lair:2   | Noticed a death yak
 17285 | Lair:2   | Noticed a death yak
 17296 | Lair:2   | Killed a death yak
 17296 | Lair:2   | Noticed a death yak
 17301 | Lair:2   | Killed a death yak
 17305 | Lair:2   | Killed a death yak
 17706 | Lair:3   | Noticed a death yak
 17707 | Lair:3   | Noticed a death yak
 17711 | Lair:3   | Noticed a death yak
 17712 | Lair:3   | Noticed a death yak
 17717 | Lair:3   | Noticed a death yak
 17720 | Lair:2   | Killed a death yak
 17727 | Lair:2   | Killed a death yak
 17727 | Lair:2   | Received a gift from Okawaru
 18365 | Lair:3   | Noticed a four-headed hydra
 18373 | Lair:3   | Killed a four-headed hydra
 18567 | Lair:3   | Noticed a six-headed hydra
 18579 | Lair:3   | Killed a six-headed hydra
 18957 | Lair:3   | Found a hole to the Spider Nest.
 18962 | Lair:3   | Reached XP level 13. HP: 114/114 MP: 15/15
 19030 | Lair:3   | Reached skill level 21 in Axes
 19294 | Lair:3   | Found a runed translucent door.
 19296 | Lair:3   | Noticed frimble's ghost (journeyman DsEE)
 19606 | Lair:4   | Noticed Snorg
 19620 | Lair:4   | Killed Snorg
 19620 | Lair:4   | Received a gift from Okawaru
 19764 | Lair:4   | Found a shimmering blue altar of Sif Muna.
 20228 | Lair:4   | Noticed Josephine
 20237 | Lair:4   | Reached skill level 22 in Axes
 20249 | Lair:4   | Killed Josephine
 20835 | Lair:5   | Entered Level 5 of the Lair of Beasts
 21169 | Lair:5   | Identified the +6 scale mail of Babuffiext {rElec rPois
                  | rF++ Stlth-} (Okawaru gifted it to you on level 5 of the
                  | Lair of Beasts)
 21169 | Lair:5   | Received a gift from Okawaru
 21349 | Lair:5   | Reached skill level 23 in Axes
 21538 | Lair:5   | Found a viscous altar of Jiyva.
 21538 | Lair:5   | Found a staircase to the Slime Pits.
 21622 | Lair:5   | Found a snail-covered altar of Cheibriados.
 21739 | Lair:5   | Reached XP level 14. HP: 73/122 MP: 16/16
 22062 | Lair:5   | Reached skill level 24 in Axes
 22200 | Lair:5   | Found a large runed translucent door.
 22201 | Lair:5   | Found a large runed translucent door.
 22235 | Lair:5   | Reached skill level 5 in Invocations
 22239 | Lair:5   | Received a gift from Okawaru
 22918 | D:10     | Reached skill level 1 in Ranged Weapons
 22988 | D:10     | Noticed Amaemon
 23003 | D:10     | Killed Amaemon
 23200 | D:10     | Noticed Fannar
 23212 | D:10     | Killed Fannar
 23282 | D:10     | Noticed Erica
 23286 | D:10     | Killed Erica
 23301 | D:10     | Noticed Lodul
 23308 | D:10     | Identified the +1 cloak of the Onion {rPois rF+ Int+6
                  | Stlth+} (Okawaru gifted it to you on level 10 of the
                  | Dungeon)
 23308 | D:10     | Received a gift from Okawaru
 23311 | D:10     | Killed Lodul
 24038 | D:11     | Found a staircase to the Orcish Mines.
 24703 | D:12     | Reached skill level 5 in Dodging
 25238 | Orc:1    | Entered Level 1 of the Orcish Mines
 25335 | Orc:2    | Entered Level 2 of the Orcish Mines
 26036 | Orc:1    | Found Oziopno's Assorted Antiques.
 26178 | Orc:2    | Noticed Saint Roka
 26210 | Orc:2    | Killed Saint Roka
 26211 | Orc:2    | Reached skill level 5 in Throwing
 26211 | Orc:2    | Reached skill level 10 in Armour
 26214 | Orc:2    | Noticed Urug
 26219 | Orc:2    | Noticed Nergalle
 26226 | Orc:2    | Killed Urug
 26240 | Orc:2    | Killed Nergalle
 26241 | Orc:2    | Reached XP level 15. HP: 95/132 MP: 13/19
 26274 | Orc:2    | Found Mevat's Antique Weapon Emporium.
 26281 | Orc:2    | Found Vousm's Antique Armour Emporium.
 26286 | Orc:2    | Found Ucauplyps's General Store.
 26295 | Orc:2    | Found a staircase to the Elven Halls.
 26345 | Orc:2    | Bought a glowing broad axe for 224 gold pieces
 26363 | Orc:2    | Bought a pair of glowing boots for 217 gold pieces
 26407 | Orc:2    | Found Erey's Book Emporium.
 26910 | D:6      | Bought a potion of haste for 140 gold pieces
 26910 | D:6      | Bought a potion of lignification for 42 gold pieces
 26947 | D:6      | Bought a scroll of silence for 133 gold pieces
 26947 | D:6      | Bought a scroll of fear for 56 gold pieces
 27305 | D:13     | Identified the +8 whip of Doom {freeze, Int+2}
 27349 | D:13     | Received a gift from Okawaru
 27350 | D:13     | Reached skill level 5 in Ranged Weapons
 27603 | D:13     | Found a gate to the Vaults.
 28141 | D:14     | Received a gift from Okawaru
 28457 | D:14     | Noticed Agnes
 29035 | D:14     | Noticed Rupert
 29044 | D:14     | Killed Rupert
 29272 | D:14     | Noticed Stellion's ghost (adept HOFi)
 29275 | D:14     | Found a runed translucent door.
 29279 | D:14     | Noticed Roxanne
 29294 | D:14     | Killed Roxanne
 29362 | D:15     | Entered Level 15 of the Dungeon
 30277 | D:15     | Received a gift from Okawaru
 30360 | D:15     | Found a staircase to the Depths.
 30591 | Spider:1 | Entered Level 1 of the Spider Nest
 31026 | Spider:1 | Identified the +4 buckler of Hysteria {Str-2 Int+6}
                  | (Okawaru gifted it to you on level 1 of the Spider Nest)
 31026 | Spider:1 | Received a gift from Okawaru
 31116 | Spider:1 | Reached XP level 16. HP: 133/145 MP: 20/20
 31724 | Spider:1 | Identified the +5 falchion of Deacuvak {elec, Drain Will+
                  | Int+2 Dex+5}
 31979 | Spider:2 | Identified a scroll of acquirement
 31983 | Spider:2 | Acquired the +0 hat "Febyeh" {rC+ Dex+4}
 32013 | Spider:2 | Noticed Jorgrun
 32035 | Spider:2 | Killed Jorgrun
 33409 | Spider:3 | Received a gift from Okawaru
 33482 | Spider:3 | Reached skill level 10 in Ranged Weapons
 33685 | Spider:3 | Reached skill level 15 in Fighting
 34099 | Spider:4 | Entered Level 4 of the Spider Nest
 34255 | Spider:4 | Noticed Donald
 34450 | Spider:4 | Killed Donald
 35812 | Spider:4 | Received a gift from Okawaru
 36041 | Spider:4 | Reached XP level 17. HP: 124/158 MP: 21/21
 36044 | Spider:4 | Reached skill level 15 in Armour
 36964 | Spider:4 | Identified the +2 gold dragon scales of Sloth {rPois rF+
                  | rC+ Int+5} (Okawaru gifted it to you on level 4 of the
                  | Spider Nest)
 36964 | Spider:4 | Received a gift from Okawaru
 37012 | Spider:4 | Got a gossamer rune of Zot
 37015 | Spider:4 | Identified the +0 hat of Anaesthesia {rElec rCorr Stlth-}
 37236 | Shoals:1 | Entered Level 1 of the Shoals
 37291 | Shoals:1 | Noticed Louise
 37302 | Shoals:1 | Killed Louise
 38210 | Shoals:1 | Reached skill level 5 in Evocations
 38653 | Shoals:2 | Noticed Ilsuiw
 38681 | Shoals:2 | Killed Ilsuiw
 38828 | Shoals:2 | Noticed a kraken
 39086 | Shoals:2 | Killed a kraken
 39578 | Shoals:2 | Received a gift from Okawaru
 40139 | Shoals:3 | Received a gift from Okawaru
 40893 | Shoals:3 | Noticed Bai Suzhen
 40904 | Shoals:3 | Found Hukaw's Antique Armour Shop.
 40915 | Shoals:3 | Killed Bai Suzhen
 40915 | Shoals:3 | Received a gift from Okawaru
 40941 | Shoals:3 | Reached XP level 18. HP: 17/170 MP: 20/22
 41492 | Shoals:4 | Entered Level 4 of the Shoals
 42240 | Shoals:4 | Identified the +5 whip of Eternal Vigilance {freeze, Fly
                  | Str+4}
 42552 | Shoals:4 | Identified the +8 triple crossbow "Demonslayer" {elec,
                  | +Blink rPois} (Okawaru gifted it to you on level 4 of the
                  | Shoals)
 42552 | Shoals:4 | Received a gift from Okawaru
 42954 | Shoals:4 | Paralysed by an air elemental for 1 turns
 43218 | Shoals:4 | Got a barnacled rune of Zot
 44220 | Elf:1    | Entered Level 1 of the Elven Halls
 44251 | Elf:1    | Identified the +0 animal skin "Unkorgh" {-Tele rElec Int+3
                  | Dex+4} (Okawaru gifted it to you on level 1 of the Elven
                  | Halls)
 44251 | Elf:1    | Received a gift from Okawaru
 44474 | Elf:1    | Found Pune Sag's Jewellery Emporium.
 44475 | Elf:1    | Found Fixzairyn's Book Shop.
 44477 | Elf:1    | Found Wusaym's Jewellery Emporium.
 44483 | Elf:1    | Bought an amulet of guardian spirit for 480 gold pieces
 45074 | Elf:1    | Got Sif Muna's Almanac of the Called Salvo
 45595 | Elf:2    | Found a huge runed gate.
 45595 | Elf:2    | Found a huge runed gate.
 45595 | Elf:2    | Found a huge runed gate.
 45595 | Elf:2    | Found a huge runed gate.
 45597 | Elf:2    | Found a huge runed gate.
 45598 | Elf:2    | Found a huge runed gate.
 45598 | Elf:2    | Found a huge runed gate.
 45598 | Elf:2    | Found a huge runed gate.
 45598 | Elf:2    | Found a huge runed gate.
 45598 | Elf:2    | Found a huge runed gate.
 45599 | Elf:2    | Found a huge runed gate.
 45600 | Elf:2    | Found a huge runed gate.
 45601 | Elf:2    | Found a huge runed gate.
 45605 | Elf:2    | Found a huge runed gate.
 45606 | Elf:2    | Found a huge runed gate.
 45607 | Elf:2    | Found a huge runed gate.
 45616 | Elf:2    | Found a huge runed gate.
 45616 | Elf:2    | Found a huge runed gate.
 45616 | Elf:2    | Found a huge runed gate.
 45616 | Elf:2    | Found a huge runed gate.
 45616 | Elf:2    | Found a huge runed gate.
 45616 | Elf:2    | Found a huge runed gate.
 45616 | Elf:2    | Found a huge runed gate.
 45617 | Elf:2    | Found a huge runed gate.
 45626 | Elf:2    | Found a huge runed gate.
 45806 | Elf:2    | Found a huge runed gate.
 45806 | Elf:2    | Found a huge runed gate.
 45807 | Elf:2    | Found a huge runed gate.
 45808 | Elf:2    | Found a huge runed gate.
 45923 | Elf:2    | Found a runed translucent gate.
 45924 | Elf:2    | Found a runed translucent gate.
 45924 | Elf:2    | Found a runed translucent gate.
 46005 | Elf:1    | Found a shimmering blue altar of Sif Muna.
 46044 | Elf:2    | Received a gift from Okawaru
 46049 | Abyss:3  | Cast into level 3 of the Abyss (a deep elf sorcerer)
 46053 | Elf:2    | Escaped the Abyss
 46160 | Elf:2    | Reached XP level 19. HP: 180/180 MP: 23/23
 46297 | Elf:2    | Received a gift from Okawaru
 46322 | Elf:2    | Received a gift from Okawaru
 46503 | Elf:2    | Found a huge runed gate.
 46503 | Elf:2    | Found a huge runed gate.
 46503 | Elf:2    | Found a huge runed gate.
 46504 | Elf:2    | Found a huge runed gate.
 46504 | Elf:2    | Noticed Azrael
 46506 | Elf:2    | Found a huge runed gate.
 46515 | Elf:2    | Killed Azrael
 46547 | Elf:2    | Found a huge runed gate.
 46547 | Elf:2    | Found a huge runed gate.
 46917 | Elf:2    | Noticed a hellephant
 46917 | Elf:2    | Noticed a hellephant
 46945 | Elf:2    | Killed a hellephant
 46958 | Elf:2    | Killed a hellephant
 47119 | Elf:3    | Entered Level 3 of the Elven Halls
 47247 | Elf:3    | Reached skill level 15 in Ranged Weapons
 47266 | Elf:3    | Found Yfuschoh's Assorted Antiques.
 47285 | Elf:3    | Bought a potion of heal wounds for 185 gold pieces
 47285 | Elf:3    | Bought a scroll of teleportation for 111 gold pieces
 48278 | Elf:3    | Identified the +3 pair of gloves of the Gastropod {Drain
                  | Regen+ Int+4} (Okawaru gifted it to you on level 3 of the
                  | Elven Halls)
 48278 | Elf:3    | Received a gift from Okawaru
 48321 | Elf:3    | Reached skill level 10 in Dodging
 48659 | Elf:3    | Identified the ring "Ezemoaw" {*Slow +Blink rPois rF++
                  | Dex+6}
 48805 | Elf:3    | Identified the ring "Arch" {+Blink Int+6 Dex+4}
 49047 | Elf:3    | Paralysed by an air elemental for 1 turns
 49193 | Elf:3    | Identified the +3 scale mail of Kikubaaqudgha {Dex+2}
 49199 | Elf:3    | Got the Vellum of the Ground
 49203 | Elf:3    | Got Vuits's Parchment of Meteoric Geology
 49543 | Depths:1 | Entered Level 1 of the Depths
 49619 | Depths:1 | Found a gateway to Hell.
 49649 | Depths:1 | Reached XP level 20. HP: 193/193 MP: 22/24
 49705 | Depths:1 | Identified the +8 arbalest "Nebur" {venom, rPois rF+ Dex-5}
                  | (Okawaru gifted it to you on level 1 of the Depths)
 49705 | Depths:1 | Received a gift from Okawaru
 49744 | Depths:1 | Found a shadowy altar of Dithmenos.
 50298 | Depths:2 | Found a stormy altar of Qazlal.
 50307 | Depths:2 | You fall into a shaft and drop 1 floor!
 50314 | Depths:3 | Noticed a caustic shrike
 50323 | Depths:3 | Identified the +8 halberd "Tyqu" {vorpal, *Noise rF+++
                  | Int-5 SInv}
 50328 | Depths:3 | Killed a caustic shrike
 50339 | Depths:3 | Received a gift from Okawaru
 50343 | Depths:3 | Identified the +5 shortbow of Distant Shores {speed, rN+
                  | Will++ Str-4 Dex+3}
 50351 | Depths:3 | Noticed a juggernaut
 50353 | Depths:3 | Paralysed by something for 2 turns
 50359 | Depths:3 | Reached skill level 25 in Axes
 50361 | Depths:3 | HP: 3/193 [something/bolt of cold (17)]
 50361 | Depths:3 | Annihilated by a vampire knight

Illustrated notes

Levels and vault maps discovered:
D:1:      amcnicky_arrival_gap_in_the_tavern_cellar, layout_basic,
          nicolae_wormholes
D:2:      layout_basic, basic_altar, minmay_misc_feat_encased,
          skrybe_limestone_x
D:3:      layout_loops_ring, lemuel_doored_altar,
          chequers_temple_overflow_statue_of_worship, uniq_jessica, uniq_ijyb
D:4:      layout_loops_cross, serial_rivers, chequers_serial_rivers_large_b,
          chequers_serial_rivers_micro_a, chequers_serial_rivers_small_3,
          chequers_serial_rivers_micro_c, chequers_serial_rivers_micro_b,
          minivault_11, uniq_crazy_yiuf_cottage
D:5:      layout_loops_corners, minmay_temple_entry_glass,
          ebering_ghost_sewer_f, st_stairs_9, serial_bayou_pond_b,
          sigmund_edmund_badplayer
D:6:      layout_loops_ring, serial_shops, kennysheep_mini_moat,
          nicolae_shop_advertising_works [nicolae_subvault_shop_adworks],
          nicolae_shop_behind_doors, shop, nicolae_shop_behind_doors,
          chequers_mini_garden, kennysheep_diamond
D:7:      layout_rooms, minmay_door_square, grunt_ministairs_9
D:8:      layout_cave_pools, grunt_temple_overflow_diamond,
          minmay_lair_entry_grove
D:9:      layout_cave_pools, serial_gnoll_camp, gnoll_camp_mini_house,
          gnoll_camp_mini_basic, grums_kennel, gnoll_camp_mini_basic
D:10:     layout_roguey, lightli_minifort, uniq_fannar, uniq_erica, uniq_lodul,
          uniq_amaemon
D:11:     layout_roguey, erik_orc_4, hangedman_ranch
D:12:     layout_rooms
D:13:     layout_loops_cross, lightli_vaults_fourway_checkpoint, serial_glass,
          glass_columns_c, glass_columns_c
D:14:     layout_roguey, hellmonk_ghost_happy_afterlife,
          minmay_misc_feat_plants, uniq_roxanne, uniq_rupert, uniq_agnes
D:15:     hangedman_depths_entry_try_elsewhere_first, layout_basic,
          minmay_misc_feat_tiny, minmay_librarian
Temple:   bh_familiar_temple
Lair:1:   layout_regular_city, st_stairs_9, grunt_megastairs_4,
          serial_bayou_shore_b
Lair:2:   layout_small_grid, elwin_shoals_entry_stream, minmay_holes,
          serial_bayou_lagoon_a
Lair:3:   layout_cellular_growth, nicolae_spider_entry_non_spiders,
          gammafunk_ghost_grave
Lair:4:   layout_roguey, basic_altar, serial_bayou_ford_a, serial_bayou_shore_a,
          infiniplex_staircase_pool_2, lemuel_fruit_tree, grunt_megastairs_1,
          uniq_josephine, uniq_snorg
Lair:5:   cheibrodos_lair_end_hotspot, layout_hall_layers,
          dpeg_slime_entry_enclosed, kennysheep_snail_temple
Shoals:1: cheibrodos_shoals_epimethial_gifts, layout_shoals, uniq_louise
Shoals:2: cheibrodos_shoals_three_sisters, layout_shoals,
          nicolae_shoals_aquamancer_cove, uniq_ilsuiw
Shoals:3: layout_shoals, serial_shops, nicolae_shop_crystal, uniq_bai_suzhen
Shoals:4: shoals_end_hellmonk_storm_palace [storm_palace_center_ruins,
          storm_palace_corner_narrow, storm_palace_corner_grid,
          storm_palace_corner_blocked, storm_palace_corner_narrow]
Spider:1: layout_cave_pods, hangedman_spider_tarantella_strand
Spider:2: layout_spider_delve, uniq_jorgrun
Spider:3: layout_spider_delve, drop_trap
Spider:4: hellmonk_spider_rune_endless_swarm, uniq_donald
Orc:1:    layout_diamond_mine, serial_shops, shop
Orc:2:    grunt_orc_cross, layout_diamond_mine
Elf:1:    nicolae_elf_arrival_no_cutting_in_line, layout_geoelf_diagonals,
          minmay_elf_sorcery, lemuel_upstairs_altar, minmay_shop_grove
Elf:2:    nicolae_elf_blades_crystal_corner, layout_loops_corners, special_room
          [special_room_mythical_zoo], not_door_vault_due, uniq_azrael
Elf:3:    elf_hall, layout_loops_corners, serial_shops, shop
Depths:1: layout_long_grid, grunt_decor_clamped, hell_entry, grunt_decor_cap,
          dreamdust_wishing_well, nicolae_dithmenos_shadow_blocks
Depths:2: due_jory_tower, layout_cave_pools, serial_shops, shop, hell_entry,
          grunt_decor_arrowhead, pan_entry, grunt_qazlal_sundering, uniq_grunn,
          uniq_enchantress
Depths:3: minmay_the_grid_square_5x5_4x4
          [minmay_the_grid_square_5x5_two_walls_a, minmay_the_grid_square_5x5_z,
          minmay_the_grid_square_5x5_minimal,
          minmay_the_grid_square_5x5_percent,
          minmay_the_grid_square_5x5_shuriken,
          minmay_the_grid_square_5x5_prize_pseudospiral,
          minmay_the_grid_square_5x5_prize_open, minmay_the_grid_square_5x5_six,
          minmay_the_grid_square_5x5_tie, minmay_the_grid_square_5x5_prize_open,
          minmay_the_grid_square_5x5_prize_junk,
          minmay_the_grid_square_5x5_fat_x, minmay_the_grid_square_5x5_three,
          minmay_the_grid_square_5x5_three_walls,
          minmay_the_grid_square_5x5_detours,
          minmay_the_grid_square_5x5_bracketed], layout_gridlike,
          enter_ziggurat_b, rand_demon_pan_entry_8, abyss_entry_crystal,
          hell_entry, chequers_serial_rivers_large_a, uniq_vv, uniq_boris

Skill      XL: |  1  2  3  4  5  6  7  8  9 10 11 12 13 14 15 16 17 18 19 20 |
---------------+-------------------------------------------------------------+-----
Axes           | 4 5 6 7 9 11 14 15 19 20 23 24 25 | 25.1
Armour         | 4 8 10 12 14 16 17 18 19 | 19.3
Fighting       | 6 8 10 11 13 16 17 18 19 20 | 20.0
Invocations    | 4 6 7 |  7.0
Throwing       | 2 5 6 |  6.1
Evocations     | 2 4 6 8 9 |  9.0
Dodging        | 3 5 8 10 | 10.0
Ranged Weapons | 4 8 11 13 14 15 16 | 16.6
Stealth        | |  4.1

Action                   |  1- 3 |  4- 6 |  7- 9 | 10-12 | 13-15 | 16-18 | 19-21 || total
-------------------------+-------+-------+-------+-------+-------+-------+-------++-------
Melee: Hand axe          |    41 |   207 |   107 |       |    13 |       |       ||   368
       Headbutt          |     6 |    38 |    31 |    93 |   217 |   285 |   127 ||   797
       Punch             |       |     2 |       |       |     1 |       |       ||     3
       Unarmed           |       |     1 |       |       |       |       |       ||     1
       Halberd           |       |       |   158 |   179 |    14 |       |       ||   351
       Battleaxe         |       |       |       |   163 |     4 |       |     1 ||   168
       War axe           |       |       |       |    37 |       |       |       ||    37
       Morningstar       |       |       |       |    13 |       |       |       ||    13
       Executioner's axe |       |       |       |    36 |   852 |  1287 |   467 ||  2642
 Fire: Shortbow          |       |       |       |       |    15 |    25 |       ||    40
       Triple crossbow   |       |       |       |       |       |    28 |     4 ||    32
Throw: Dart              |       |     2 |     5 |     6 |    23 |    28 |       ||    64
       Javelin           |       |       |       |       |     1 |       |    14 ||    15
       Boomerang         |       |       |       |       |    11 |    11 |     5 ||    27
Invok: Heroism           |       |       |     1 |    11 |     3 |       |     4 ||    19
       Finesse           |       |       |       |       |     4 |     7 |     5 ||    16
Evoke: Wand              |       |       |       |     4 |     2 |    20 |       ||    26
       Tin of tremorston |       |       |       |       |     1 |     1 |     2 ||     4
       Lightning rod     |       |       |       |       |       |     2 |       ||     2
       Condenser vane    |       |       |       |       |       |       |     1 ||     1
  Use: Potion            |     1 |       |     6 |     2 |       |     5 |     1 ||    15
       Scroll            |       |       |     8 |     6 |     6 |    11 |     4 ||    35
 Stab: Sleeping          |     2 |       |       |     1 |     2 |     1 |       ||     6
       Invisible         |       |       |       |     2 |       |       |       ||     2
       Distracted        |       |       |       |     1 |       |     1 |       ||     2
Armor: Leather armour    |     7 |       |       |       |       |       |       ||     7
       Chain mail        |     4 |   124 |    82 |   144 |       |       |       ||   354
       Skin              |       |       |    14 |       |       |       |       ||    14
       Ring mail         |       |       |       |    45 |    94 |       |       ||   139
       Scale mail        |       |       |       |       |   362 |   313 |       ||   675
       Gold dragon scale |       |       |       |       |       |   555 |   377 ||   932
Dodge: Dodged            |    26 |    69 |    76 |   201 |   416 |   517 |   160 ||  1465
       Repelled          |       |       |       |       |       |    25 |     6 ||    31
Block: Other             |       |       |       |       |       |    23 |    51 ||    74
       Reflection        |       |       |       |       |       |     1 |       ||     1

Table legend: (Time is in decaauts)
 A = Elapsed time spent in this place.
 B = Non-inter-level travel time spent in this place.
 C = Inter-level travel time spent in this place.
 D = Time resting spent in this place.
 E = Time spent auto-exploring this place.
 F = Levels seen in this place.
 G = Mean time per level.
                   A        B        C        D        E       F      G
               +--------+--------+--------+--------+--------+-----+--------+
         Total |  49781 |  46567 |   3214 |  12608 |  26063 |  38 | 1310.0 |
       Dungeon |  19648 |  17978 |   1670 |   4835 |  10463 |  15 | 1309.9 |
        Temple |    116 |     71 |     45 |      0 |     67 |   1 |  116.0 |
          Lair |   9917 |   9398 |    519 |   3206 |   5141 |   5 | 1983.4 |
        Shoals |   6306 |   6055 |    251 |   1815 |   2822 |   4 | 1576.5 |
   Spider Nest |   6412 |   6160 |    252 |   1570 |   3371 |   4 | 1603.0 |
  Orcish Mines |   1591 |   1358 |    233 |    193 |    905 |   2 |  795.5 |
   Elven Halls |   5016 |   4813 |    203 |    986 |   2737 |   3 | 1672.0 |
        Depths |    767 |    730 |     37 |      0 |    555 |   3 |  255.7 |
         Abyss |      3 |      3 |      0 |      0 |      0 |   1 |    3.0 |
               +--------+--------+--------+--------+--------+-----+--------+

Top non-repeatable levels by time:
  Lair:2: 2779 daAuts
Shoals:4: 2478 daAuts
     D:8: 2468 daAuts
Spider:4: 2336 daAuts
  Lair:1: 2232 daAuts
     D:5: 2229 daAuts
   Elf:3: 2099 daAuts
  Lair:5: 1930 daAuts
     D:2: 1708 daAuts
     D:6: 1690 daAuts
  Lair:3: 1662 daAuts
Spider:3: 1638 daAuts
   Elf:2: 1529 daAuts
Shoals:3: 1448 daAuts
Shoals:2: 1442 daAuts
